 Dungeon Crawl Stone Soup version 0.30-a0-390-g80c34de65d (webtiles) character file.

Game seed: 10874276653262500341

315 arthad the Chopper (level 6, -1/53 HPs)
             Began as a Gnoll Cinder Acolyte on Dec 4, 2022.
             Was a High Priest of Ignis.
             Slain by a sky beast (6 damage)
             ... on level 5 of the Dungeon.
             The game lasted 00:06:44 (3193 turns).

arthad the Chopper (Gnoll Cinder Acolyte)           Turns: 3193, Time: 00:06:44

Health: -1/53      AC:  8    Str: 14    XL:     6   Next: 44%
Magic:  11/11      EV: 11    Int: 15    God:    Ignis [*****.]
Gold:   189        SH:  0    Dex:  7    Spells: 10/12 levels left

rFire   + . .      SeeInvis .    a - -1 hand axe (flame)
rCold   . . .      Faith    .    (no shield)
rNeg    . . .      Spirit   .    i - +3 leather armour
rPois   .          Reflect  .    (no helmet)
rElec   .          Harm     .    s - +0 cloak
rCorr   .          Rampage  .    (no gloves)
Will    .....                    m - +0 pair of boots
Stlth   +.........               (no amulet)
HPRegen 0.28/turn                (no ring)
MPRegen 0.12/turn                (no ring)

@: no status effects
A: fangs 1, strong nose, distributed training
a: Renounce Religion, Fiery Armour, Foxfire Swarm, Rising Flame


You were on level 5 of the Dungeon.
You worshipped Ignis.
Ignis was extremely pleased with you.
You visited 1 branch of the dungeon, and saw 5 of its levels.

You collected 189 gold pieces.

Inventory:

Hand Weapons
 a - a -1 hand axe of flaming (weapon)
 u - a +0 war axe
Missiles
 t - 9 poisoned darts (quivered)
 v - 6 javelins
Armour
 b - a +0 robe
 i - a +3 leather armour (worn)
 m - a +0 pair of boots (worn)
 s - a +0 cloak (worn)
Scrolls
 c - a scroll of enchant armour {unknown}
 e - a scroll of teleportation {unknown}
 f - a scroll of immolation {unknown}
 j - 2 scrolls of identify {unknown}
 k - a scroll of vulnerability {unknown}
 l - a scroll of noise {unknown}
 p - a scroll of butterflies {unknown}
Potions
 d - 3 potions of attraction {unknown}
 g - 2 potions of might {unknown}
 h - 4 potions of curing {unknown}
 n - a potion of mutation {unknown}
 o - 2 potions of haste {unknown}
 q - a potion of berserk rage {unknown}
 r - a potion of heal wounds {unknown}


   Skills:
 + Level 6.8 Fighting
 + Level 2.0 Short Blades
 + Level 2.0 Long Blades
 + Level 6.8 Axes
 + Level 2.0 Maces & Flails
 + Level 2.0 Polearms
 + Level 2.0 Staves
 + Level 2.0 Ranged Weapons
 + Level 2.0 Throwing
 + Level 2.0 Armour
 + Level 2.0 Dodging
 + Level 2.0 Stealth
 + Level 2.0 Shields
 + Level 2.0 Unarmed Combat
 + Level 3.5 Spellcasting
 + Level 1.6 Conjurations
 + Level 1.6 Hexes
 + Level 1.6 Summonings
 + Level 1.6 Necromancy
 + Level 1.6 Translocations
 + Level 1.6 Transmutations
 + Level 5.7 Fire Magic
 + Level 1.6 Ice Magic
 + Level 1.6 Air Magic
 + Level 1.6 Earth Magic
 + Level 1.6 Poison Magic
 + Level 2.2 Invocations
 + Level 2.0 Evocations


You had 10 spell levels left.
You knew the following spells:

 Your Spells              Type           Power      Damage    Failure   Level
a - Scorch                Fire           38%        2d7       3%          2

Your spell library contained the following spells:

 Spells                   Type           Power      Damage    Failure   Level
 Necrotise                Necr           28%        1d5       12%         1
 Slow                     Hex            28%        N/A       12%         1
 Confusing Touch          Hex            7%         N/A       34%         3
 Frozen Ramparts          Ice            14%        1d3       34%         3
 Gell's Gravitas          Tloc           7%         N/A       34%         3
 Lesser Beckoning         Tloc           14%        N/A       34%         3
 Portal Projectile        Hex/Tloc       14%        N/A       34%         3
 Teleport Other           Tloc           7%         N/A       34%         3
 Tukima's Dance           Hex            7%         N/A       34%         3
 Vampiric Draining        Necr           7%         2d6       34%         3
 Ice Form                 Ice/Tmut       7%         N/A       75%         4
 Summon Ice Beast         Ice/Summ       7%         N/A       75%         4
 Agony                    Necr           7%         N/A       97%         5
 Blade Hands              Tmut           3%         N/A       97%         5
 Borgnjor's Revivificati  Necr           3%         N/A       100%        8


Dungeon Overview and Level Annotations

Branches:
Dungeon (5/15)             Temple (0/1) D:4

Altars:

Shops:
D:2 [*=*

Annotations:
D:2 1 runed translucent door, Crazy Yiuf


Innate Abilities, Weirdness & Mutations

You have very sharp teeth.
Your uncanny sense of smell can sniff out nearby items.
Your experience applies equally to all skills.


Message History

No target in view!
No target in view!
Okay, then.
You hit something. You burn something. Your bite misses something.
Something hits you. Something shocks you.
You miss something. Something hits you but does no damage.
You hit something but do no damage. Something hits you but does no damage.
You hit something. You burn something. Something hits you but does no damage.
You barely miss something. Something hits you but does no damage.
You barely miss something. You hit something. You burn something.
A sky beast appears from thin air!
Reactivating autopickup.
The sky beast hits you but does no damage.
You closely miss the sky beast. Your bite misses the sky beast.
The sky beast is heavily wounded.
The sky beast hits you but does no damage.
You hit the sky beast. You burn the sky beast. Your bite misses the sky beast.
The sky beast is heavily wounded.
The sky beast misses you.
You hit the sky beast. You burn the sky beast.
The sky beast is severely wounded.
The sky beast misses you.
You hit the sky beast but do no damage.
The sky beast is severely wounded.
The sky beast flickers out of sight!
Deactivating autopickup; reactivate with Ctrl-A.
Something hits you. Something shocks you.
You closely miss something. Your punch misses something. Something hits you.
Something shocks you.
* * * LOW HITPOINT WARNING * * *
You closely miss something. Something hits you but does no damage.
You hit something. You burn something. Something hits you.
* * * LOW HITPOINT WARNING * * *
Something shocks you.
* * * LOW HITPOINT WARNING * * *
You miss something. Something hits you but does no damage.
You closely miss something. Something hits you.
* * * LOW HITPOINT WARNING * * *
Something shocks you.
You die...

.. .......
...#..... #.
..$#..... .
....... .#
.....# ..#
###...##.####
###..~.†.......
......{@.#..#
#.
............#
#.
..#.####.#$##
... #
####.#.####.#
##.#
#............
...
#.##.#.......
.. # #.######.#
#. #.#
#.#.#####. #.#
#.#.......


There were no monsters in sight!

Vanquished Creatures
  An ogre (D:4)
  Jessica (D:2)
  Terence (D:3)
  3 gnolls (D:3)
  6 adders
  A worm (D:3)
  10 dart slugs
  2 orcs
  10 ball pythons
  5 endoplasms
  3 giant cockroaches (D:1)
  5 goblins
  7 hobgoblins
  4 jackals (D:5)
  4 quokkas
  3 bats (D:1)
  3 frilled lizards
  7 kobolds
  6 rats
82 creatures vanquished.

Notes
Turn   | Place    | Note
-------+----------+-------------------------------------------
     0 | D:1      | arthad the Gnoll Cinder Acolyte began the quest for the
                  | Orb.
     0 | D:1      | Reached XP level 1. HP: 23/23 MP: 4/4
    96 | D:1      | Reached XP level 2. HP: 29/29 MP: 5/5
   488 | D:1      | Reached XP level 3. HP: 33/35 MP: 7/7
   964 | D:2      | Noticed Jessica
   968 | D:2      | Reached skill level 1 in Invocations
   990 | D:2      | Killed Jessica
   991 | D:2      | Reached skill level 1 in Short Blades
   991 | D:2      | Reached skill level 1 in Long Blades
   991 | D:2      | Reached skill level 1 in Maces & Flails
   991 | D:2      | Reached skill level 1 in Polearms
   991 | D:2      | Reached skill level 1 in Staves
   991 | D:2      | Reached skill level 1 in Ranged Weapons
   991 | D:2      | Reached skill level 1 in Throwing
   991 | D:2      | Reached skill level 1 in Armour
   991 | D:2      | Reached skill level 1 in Dodging
   991 | D:2      | Reached skill level 1 in Stealth
   991 | D:2      | Reached skill level 1 in Shields
   991 | D:2      | Reached skill level 1 in Unarmed Combat
   991 | D:2      | Reached skill level 1 in Evocations
   991 | D:2      | Reached XP level 4. HP: 14/41 MP: 8/8
  1110 | D:2      | Found Vilikana's Jewellery Shop.
  1114 | D:2      | You fall into a shaft and drop 2 floors!
  1136 | D:4      | Noticed an ogre
  1178 | D:4      | Killed an ogre
  1179 | D:4      | Reached skill level 1 in Conjurations
  1179 | D:4      | Reached skill level 1 in Hexes
  1179 | D:4      | Reached skill level 1 in Summonings
  1179 | D:4      | Reached skill level 1 in Necromancy
  1179 | D:4      | Reached skill level 1 in Translocations
  1179 | D:4      | Reached skill level 1 in Transmutations
  1179 | D:4      | Reached skill level 1 in Ice Magic
  1179 | D:4      | Reached skill level 1 in Air Magic
  1179 | D:4      | Reached skill level 1 in Earth Magic
  1179 | D:4      | Reached skill level 1 in Poison Magic
  1179 | D:4      | Reached XP level 5. HP: 21/47 MP: 9/9
  1356 | D:3      | Learned a level 2 spell: Scorch
  1409 | D:3      | Got Sif Muna's Grimoire of the Crypt and Imprecation
  1561 | D:2      | Found Ifigar's General Store.
  1578 | D:2      | Found a faded altar of an unknown god.
  1749 | D:2      | Reached XP level 6. HP: 53/53 MP: 11/11
  1943 | D:2      | Found Lyohuczue's General Store.
  1992 | D:2      | Found Hyjoch's Antique Armour Boutique.
  2056 | D:2      | Found a runed translucent door.
  2057 | D:2      | Noticed Crazy Yiuf
  2418 | D:3      | Noticed Terence
  2437 | D:3      | Killed Terence
  2869 | D:4      | Found a staircase to the Ecumenical Temple.
  3118 | D:5      | Entered Level 5 of the Dungeon
  3167 | D:5      | Noticed a sky beast
  3193 | D:5      | Slain by a sky beast

Illustrated notes

Levels and vault maps discovered:
D:1:      dpeg_arrival_pits, layout_basic, minmay_misc_feat_enclosed
D:2:      layout_basic, ebering_ecumenical_altar_sacrificial, serial_shops,
          nicolae_shop_behind_doors, shop, shop, nicolae_shop_stone,
          uniq_jessica, uniq_crazy_yiuf_cottage
D:3:      layout_rooms, kennysheep_generic_room_3, uniq_terence
D:4:      kennysheep_slugbush, layout_basic, minmay_temple_entry_wispy,
          serial_curves, eino_curves_04, eino_curves_02,
          chequers_serial_rivers_small_a
D:5:      layout_basic, serial_shops, nicolae_shop_crystal

Skill      XL: |  1  2  3  4  5  6 |
---------------+-------------------+-----
Invocations    | 1 2 |  2.2
Short Blades   | 1 2 |  2.0
Long Blades    | 1 2 |  2.0
Maces & Flails | 1 2 |  2.0
Polearms       | 1 2 |  2.0
Staves         | 1 2 |  2.0
Ranged Weapons | 1 2 |  2.0
Throwing       | 1 2 |  2.0
Armour         | 1 2 |  2.0
Dodging        | 1 2 |  2.0
Stealth        | 1 2 |  2.0
Shields        | 1 2 |  2.0
Unarmed Combat | 1 2 |  2.0
Spellcasting   | 3 |  3.5
Evocations     | 1 2 |  2.0
Conjurations   | 1 |  1.6
Hexes          | 1 |  1.6
Summonings     | 1 |  1.6
Necromancy     | 1 |  1.6
Translocations | 1 |  1.6
Transmutations | 1 |  1.6
Ice Magic      | 1 |  1.6
Air Magic      | 1 |  1.6
Earth Magic    | 1 |  1.6
Poison Magic   | 1 |  1.6
Fighting       | |  6.8
Axes           | |  6.8
Fire Magic     | |  5.7

Action                   |  1- 3 |  4- 6 || total
-------------------------+-------+-------++-------
Melee: Hand axe          |    77 |   187 ||   264
       Bite              |     4 |    19 ||    23
       Punch             |       |     3 ||     3
Invok: Fiery Armour      |       |     1 ||     1
 Stab: Sleeping          |       |     3 ||     3
Armor: Robe              |    15 |     8 ||    23
       Leather armour    |       |    68 ||    68
Dodge: Dodged            |    38 |    71 ||   109

Table legend: (Time is in decaauts)
 A = Elapsed time spent in this place.
 B = Non-inter-level travel time spent in this place.
 C = Inter-level travel time spent in this place.
 D = Time resting spent in this place.
 E = Time spent auto-exploring this place.
 F = Levels seen in this place.
 G = Mean time per level.
                   A        B        C        D        E       F      G
               +--------+--------+--------+--------+--------+-----+--------+
         Total |   3199 |   3100 |     99 |    102 |   2291 |   5 |  639.8 |
       Dungeon |   3199 |   3100 |     99 |    102 |   2291 |   5 |  639.8 |
               +--------+--------+--------+--------+--------+-----+--------+

Top non-repeatable levels by time:
     D:1: 955 daAuts
     D:2: 781 daAuts
     D:3: 708 daAuts
     D:4: 681 daAuts
     D:5: 73 daAuts
